 Dungeon Crawl Stone Soup version 0.31-a0-229-g1fc7ce93e2 (webtiles) character file.

Game seed: 11910283456009246490

11937 qw the Marksminotaur (level 11, -23/99 HPs)
             Began as a Minotaur Hexslinger on July 6, 2023.
             Was a Priest of Okawaru.
             Blown up by a great orb of eyes (45 damage)
             ... with a mindburst bolt
             ... while paralysed by a great orb of eyes
             ... on level 1 of the Abyss.
             The game lasted 00:04:36 (9680 turns).

qw the Marksminotaur (Minotaur Hexslinger)          Turns: 9680, Time: 00:04:36

Health: -23/99     AC: 10    Str: 14    XL:     11   Next: 55%
Magic:  5/13       EV:  2    Int: 10    God:    Okawaru [***...]
Gold:   143        SH:  0    Dex: 18    Spells: 11/12 levels left

rFire   . . .        Y - +1 hand crossbow (chaos)
rCold   + . .        (no shield)
rNeg    + . .        d - +3 leather armour {rN+}
rPois   .            (helmet restricted)
rElec   .            k - +0 cloak
rCorr   .            n - +1 pair of gloves
SInv    +            (no boots)
Will    .....        (no amulet)
Stlth   ++++         e - ring of see invisible
HPRegen 0.36/turn    m - +5 ring of evasion
MPRegen 0.13/turn

%: no passive effects
@: paralysed, heroic
A: horns 2, retaliatory headbutt, thin skeletal structure 1, cold resistance 1,
wild magic 1, sturdy frame 1
a: Renounce Religion, Heroism


You were on level 1 of the Abyss.
You worshipped Okawaru.
Okawaru was most pleased with you.
You visited 2 branches of the dungeon, and saw 11 of its levels.
You visited the Abyss 1 time.

You collected 522 gold pieces.
You spent 379 gold pieces at shops.


Innate Abilities, Weirdness & Mutations

You have a pair of horns on your head.
You reflexively headbutt those who attack you in melee.
You have a somewhat thin skeletal structure. (Dex +2, Stealth+)
Your flesh is cold resistant. (rC+)
Your spells are a little harder to cast, but a little more powerful.
Your movements are slightly less encumbered by armour. (ER -2)


   Skills:
 - Level 10.0(15.0) Fighting
 + Level 15.7(20.7) Ranged Weapons
 - Level 3.4(8.4) Armour
 - Level 7.1(12.1) Dodging
 - Level 1.0 Spellcasting
 - Level 2.0 Hexes
 - Level 4.1 Invocations


You had 11 spell levels left.
You knew the following spells:

 Your Spells              Type           Power      Damage    Failure   Level
a - Slow                  Hex            20%        N/A       22%         1

Your spell library contained the following spells:

 Spells                   Type           Power      Damage    Failure   Level
 Inner Flame              Hex/Fire       3%         N/A       65%         3
 Portal Projectile        Hex/Tloc       6%         N/A       65%         3
 Cause Fear               Hex            2%         N/A       88%         4

Inventory:

Hand Weapons
 Y - a +1 hand crossbow of chaos (weapon)
Armour
 d - a +3 leather armour of positive energy (worn)
 k - a +0 cloak (worn)
 l - a +0 ring mail of fire resistance
 n - a +1 pair of gloves (worn)
Jewellery
 e - a ring of see invisible (left hand)
 i - a ring of fire
 m - a +5 ring of evasion (right hand)
Scrolls
 b - 5 scrolls of identify
Potions
 a - 3 potions of mutation
 c - 12 potions of curing
 f - 2 potions of cancellation
 g - a potion of haste
 h - a potion of attraction {unknown}
 j - a potion of magic
 o - 2 potions of heal wounds
 p - a potion of enlightenment {unknown}
 q - a potion of resistance

Dungeon Overview and Level Annotations

Branches:
Dungeon (10/15)            Temple (1/1) D:5
   Lair: D:8-11         Orc: D:9-12

Altars:
Ashenzari
Cheibriados
Dithmenos
Elyvilon
Fedhas
Gozag
Hepliaklqana
Kikubaaqudgha
Makhleb
Nemelex Xobeh
Okawaru
Qazlal
Ru
Sif Muna
Trog
Uskayaw
Vehumet
Wu Jian
Xom
Zin
The Shining One

Shops:
D:6 *   D:7 !   D:9 (![*

Annotations:
D:4 1 runed translucent door, Crazy Yiuf
D:10 Erolcha


Message History

The starcursed mass touches the thrashing horror but does no damage.
The starcursed mass touches the thrashing horror.
You shoot a bolt.
The bolt hits the thrashing horror but does no damage.
The thrashing horror suddenly seems more resistant.
The thrashing horror is heavily damaged.
The starcursed mass seems less confused. x2
The thrashing horror misses you.
The thrashing horror completely misses you. x2
The thrashing horror barely misses you.
You shoot a bolt. The bolt hits the thrashing horror.
The thrashing horror is heavily damaged.
The thrashing horror misses you. You furiously retaliate!
You headbutt the thrashing horror. The thrashing horror barely misses you.
The great orb of eyes bites you.
You shoot a bolt. The bolt hits the starcursed mass!
You destroy the starcursed mass!
Okawaru accepts your kill.
The great orb of eyes closely misses you.
You shoot a bolt. The bolt hits the thrashing horror!
The thrashing horror is almost destroyed.
The thrashing horror barely misses you.
The thrashing horror tramples you but does no damage.
The great orb of eyes closely misses you.
You furiously retaliate!
You headbutt the great orb of eyes! You shoot a bolt.
The bolt hits the thrashing horror!
You destroy the thrashing horror!
Okawaru is honoured by your kill.
Okawaru will now gift you throwing weapons as you gain piety.
The great orb of eyes gazes at you.
You feel your power leaking away.
You shoot a bolt. The bolt hits the starcursed mass!
You destroy the starcursed mass!
Okawaru accepts your kill. The great orb of eyes gazes at you.
You suddenly lose the ability to move!
The great orb of eyes bites you! The great orb of eyes gazes at you.
Your mind is blasted!
You die...

#. ### X .#..
X ...# #.# .
#.##. ..#. .
#>.G###.X#X..
#@##..... .
#.#..# ##...#
#.#.# . # ..#
.. . #.#....#
#. ###..### .
# # # .## #


You could see a great orb of eyes.

Vanquished Creatures
  A two-headed ogre (D:9)
  Erica (D:10)
  2 thrashing horrors (Abyss:1)
  Maggie (D:6)
  An ancient zyme (Abyss:1)
  A tormentor (Abyss:1)
  A troll (D:10)
  2 hornets
  Prince Ribbit (D:7)
  A wraith (D:9)
  13 yaks
  5 starcursed masses (Abyss:1)
  Eustachio (D:6)
  Grum (D:10)
  2 wyverns
  2 steam dragons
  Edmund (D:5)
  A small abomination (Abyss:1)
  An acid dragon (D:9)
  A water moccasin (D:6)
  Duvessa (D:6)
  2 black bears (D:7)
  3 orc warriors
  2 ice beasts
  2 sky beasts
  3 wolves (D:10)
  2 ogres (D:5)
  A centaur (D:10)
  2 kobold brigands
  2 gnoll sergeants (D:9)
  4 bullfrogs
  3 scorpions
  10 wights
  Dowan (D:6)
  5 killer bees
  6 howler monkeys
  3 hounds
  A gnoll bouda (D:9)
  5 jellies
  7 orc priests
  An iron imp (Abyss:1)
  4 sleepcaps
  7 orc wizards
  4 adders
  16 gnolls
  A shadow imp (D:5)
  8 white imps
  An ufetubus (Abyss:1)
  3 dart slugs
  32 orcs
  10 ball pythons
  10 bats
  16 endoplasms
  3 giant cockroaches
  6 goblins
  8 hobgoblins
  4 jackals (D:3)
  5 quokkas
  5 frilled lizards
  24 kobolds
  A rat (D:2)
274 creatures vanquished.

Notes
Turn   | Place    | Note
-------+----------+-------------------------------------------
     0 | D:1      | qw the Minotaur Hexslinger began the quest for the Orb.
     0 | D:1      | Reached XP level 1. HP: 16/16 MP: 1/1
     0 | D:1      | 0 ||| qw: Version: 0.3-a-46-gb1f654a
     0 | D:1      | 0 ||| qw: Game counter: 1357
     0 | D:1      | 0 ||| qw: Melee chars always use a shield: true
     0 | D:1      | 0 ||| qw: God list: Okawaru
     0 | D:1      | 0 ||| qw: Allow faded altars: false
     0 | D:1      | 0 ||| qw: Do Orc after clearing Dungeon:15 true
     0 | D:1      | 0 ||| qw: Do second Lair branch before Depths: true
     0 | D:1      | 0 ||| qw: Lair rune preference: random
     0 | D:1      | 0 ||| qw: Goals: Normal
     0 | D:1      | 0 ||| PLANNING D:1-11
    91 | D:1      | Reached skill level 3 in Ranged Weapons
   111 | D:1      | Reached XP level 2. HP: 23/23 MP: 2/2
   243 | D:1      | Reached XP level 3. HP: 29/29 MP: 3/3
   672 | D:1      | 672 ||| UPGRADING to +0 ring mail.
   682 | D:1      | 682 ||| DROPPING +0 robe.
   683 | D:1      | 683 ||| DROPPING ring of flight.
   684 | D:1      | 684 ||| DROPPING scroll of poison.
   748 | D:2      | 748 ||| Stepping ~*~*~tactically~*~*~ (outnumbered).
   749 | D:2      | 749 ||| Stepping ~*~*~tactically~*~*~ (outnumbered).
   752 | D:2      | Reached skill level 4 in Ranged Weapons
   857 | D:2      | Reached skill level 1 in Armour
   862 | D:2      | Reached XP level 4. HP: 21/36 MP: 4/4
   871 | D:2      | Reached skill level 5 in Ranged Weapons
   875 | D:2      | 875 ||| FLEEEEING.
   876 | D:2      | 876 ||| FLEEEEING.
   877 | D:2      | 877 ||| FLEEEEING.
   878 | D:2      | 878 ||| FLEEEEING.
   879 | D:2      | 879 ||| FLEEEEING.
   880 | D:2      | 880 ||| FLEEEEING.
   881 | D:2      | 881 ||| FLEEEEING.
   883 | D:2      | 883 ||| FLEEEEING.
   884 | D:2      | 884 ||| FLEEEEING.
   885 | D:2      | 885 ||| FLEEEEING.
   887 | D:2      | 887 ||| FLEEEEING.
   888 | D:2      | 888 ||| FLEEEEING.
   889 | D:2      | 889 ||| FLEEEEING.
   890 | D:2      | 890 ||| FLEEEEING.
   891 | D:2      | 891 ||| FLEEEEING.
   892 | D:2      | 892 ||| FLEEEEING.
   893 | D:2      | 893 ||| FLEEEEING.
   894 | D:2      | 894 ||| FLEEEEING.
   895 | D:2      | 895 ||| FLEEEEING.
   896 | D:2      | 896 ||| FLEEEEING.
   897 | D:2      | 897 ||| FLEEEEING.
   898 | D:2      | 898 ||| FLEEEEING.
   899 | D:2      | 899 ||| FLEEEEING.
   900 | D:2      | 900 ||| FLEEEEING.
   901 | D:2      | 901 ||| FLEEEEING.
   902 | D:2      | 902 ||| FLEEEEING.
   903 | D:2      | 903 ||| FLEEEEING.
   904 | D:2      | 904 ||| FLEEEEING.
   905 | D:2      | 905 ||| FLEEEEING.
   906 | D:2      | 906 ||| FLEEEEING.
   907 | D:2      | 907 ||| FLEEEEING.
   908 | D:2      | 908 ||| FLEEEEING.
   909 | D:2      | 909 ||| FLEEEEING.
   910 | D:2      | 910 ||| FLEEEEING.
   911 | D:2      | 911 ||| FLEEEEING.
   912 | D:2      | 912 ||| FLEEEEING.
   913 | D:2      | 913 ||| FLEEEEING.
   914 | D:2      | 914 ||| FLEEEEING.
   915 | D:2      | 915 ||| FLEEEEING.
   922 | D:2      | 922 ||| STAIRDANCE
   934 | D:1      | 934 ||| READING scroll labelled JYTRYO JAPULU.
   976 | D:2      | 976 ||| STAIRDANCE
  1288 | D:2      | Reached XP level 5. HP: 42/42 MP: 5/5
  1513 | D:2      | Reached skill level 3 in Fighting
  1695 | D:2      | 1695 ||| UPGRADING to +2 ring mail of positive energy.
  1705 | D:2      | 1705 ||| DROPPING +0 ring mail.
  1706 | D:2      | 1706 ||| UPGRADING to +0 cloak.
  1711 | D:2      | 1711 ||| READING scroll labelled FIEKUNL VESK.
  1712 | D:2      | 1712 ||| READING scroll labelled ROAWKO XOTWUA.
  1713 | D:2      | 1713 ||| READING scroll labelled EGYRCH ASHIFF.
  1714 | D:2      | 1714 ||| READING scroll labelled BAKESU HIROLIUDIFF.
  1783 | D:2      | 1783 ||| DRINKING 3 fuming blue potions.
  1783 | D:2      | Gained mutation: You have a somewhat thin skeletal
                  | structure. (Dex +2, Stealth+) [potion of mutation]
  1783 | D:2      | Gained mutation: Your flesh is cold resistant. (rC+)
                  | [potion of mutation]
  1783 | D:2      | Gained mutation: Your spells are a little harder to cast,
                  | but a little more powerful. [potion of mutation]
  1783 | D:2      | Gained mutation: Your movements are slightly less
                  | encumbered by armour. (ER -2) [potion of mutation]
  1784 | D:2      | 1784 ||| DRINKING 2 cyan potions.
  2309 | D:3      | Found a sparkling altar of Nemelex Xobeh.
  2450 | D:3      | 2450 ||| READING scroll labelled NECRUG SETRITS.
  2453 | D:3      | 2453 ||| DRINKING 2 fuming clear potions.
  2454 | D:3      | 2454 ||| READING 4 scrolls of identify.
  2454 | D:3      | 2454 ||| IDENTIFYING sedimented inky potion
  2455 | D:3      | 2455 ||| READING 3 scrolls of identify.
  2455 | D:3      | 2455 ||| IDENTIFYING white potion
  2456 | D:3      | 2456 ||| READING 2 scrolls of identify.
  2456 | D:3      | 2456 ||| IDENTIFYING smoky purple potion
  2457 | D:3      | 2457 ||| DROPPING potion of invisibility.
  2474 | D:4      | Reached skill level 6 in Ranged Weapons
  2477 | D:4      | Reached XP level 6. HP: 51/51 MP: 6/6
  2560 | D:4      | 2560 ||| READING scroll of enchant weapon.
  2560 | D:4      | 2560 ||| ENCHANTING +2 sling.
  2578 | D:4      | Found a radiant altar of Vehumet.
  2612 | D:4      | Found a broken altar of Ashenzari.
  2811 | D:4      | Found a runed translucent door.
  2812 | D:4      | Noticed Crazy Yiuf
  2815 | D:4      | 2815 ||| READING scroll labelled EBYLYSHR CYUPUI.
  2854 | D:5      | Entered Level 5 of the Dungeon
  3053 | D:5      | Reached skill level 7 in Ranged Weapons
  3138 | D:5      | Reached XP level 7. HP: 55/59 MP: 7/7
  3276 | D:5      | Found a staircase to the Ecumenical Temple.
  3277 | D:5      | 3277 ||| PLANNING TEMPLE
  3277 | D:5      | 3277 ||| UPGRADING to ring of see invisible.
  3286 | Temple   | Entered the Ecumenical Temple
  3297 | Temple   | 3297 ||| PLANNING OKAWARU WORSHIP
  3319 | Temple   | Became a worshipper of Warmaster Okawaru
  3320 | Temple   | 3320 ||| PLANNING D:1-11
  3405 | D:5      | Noticed Edmund
  3429 | D:5      | HP: 9/49 [Edmund/+0 flail of draining (8)]
  3430 | D:5      | 3430 ||| READING scroll of teleportation.
  3430 | D:5      | HP: 4/48 [Edmund/+0 flail of draining (5)]
  3431 | D:5      | 3431 ||| DRINKING potion of heal wounds.
  3432 | D:5      | Killed Edmund
  3433 | D:5      | Reached skill level 8 in Ranged Weapons
  3547 | D:5      | Found a white marble altar of Elyvilon.
  3756 | D:5      | Found a sacrificial altar of Ru.
  3810 | D:5      | 3810 ||| UPGRADING to +3 leather armour of positive energy.
  3820 | D:5      | 3820 ||| DROPPING +2 ring mail of positive energy.
  3821 | D:5      | 3821 ||| DRINKING 2 inky potions.
  3822 | D:5      | 3822 ||| READING 3 scrolls of identify.
  3822 | D:5      | 3822 ||| IDENTIFYING fizzy ruby potion
  3823 | D:5      | 3823 ||| DROPPING potion of berserk rage.
  3824 | D:5      | 3824 ||| DROPPING potion of degeneration.
  3866 | D:6      | Reached skill level 3 in Dodging
  3877 | D:6      | Identified the amulet "Ontoad" {Acrobat Rampage Int+4
                  | Slay-5}
  3975 | D:6      | Reached * piety under Okawaru
  3976 | D:6      | Reached skill level 9 in Ranged Weapons
  3976 | D:6      | Reached XP level 8. HP: 63/68 MP: 8/8
  3981 | D:6      | 3981 ||| INVOKING Heroism.
  3982 | D:6      | 3982 ||| INVOKING Heroism.
  3991 | D:6      | Reached skill level 1 in Invocations
  4128 | D:6      | 4128 ||| INVOKING Heroism.
  4150 | D:6      | Noticed Eustachio
  4171 | D:6      | Reached skill level 6 in Fighting
  4171 | D:6      | HP: 17/70 [quokka[Eustachio] (2)]
  4179 | D:6      | Killed Eustachio
  4390 | D:6      | Noticed Maggie
  4396 | D:6      | 4396 ||| INVOKING Heroism.
  4404 | D:6      | HP: 10/70 [Maggie/bolt of fire (20)]
  4406 | D:6      | Killed Maggie
  4407 | D:6      | Reached skill level 10 in Ranged Weapons
  4599 | D:6      | Found Fegoubby's General Store.
  4606 | D:6      | 4606 ||| BUYING potion of curing (39 gold).
  4606 | D:6      | Bought a potion of curing for 39 gold pieces
  4606 | D:6      | 4606 ||| BUYING potion of magic (104 gold).
  4606 | D:6      | Bought a potion of magic for 104 gold pieces
  4606 | D:6      | 4606 ||| BUYING scroll of identify (26 gold).
  4606 | D:6      | Bought a scroll of identify for 26 gold pieces
  4690 | D:6      | Noticed Duvessa
  4690 | D:6      | Noticed Dowan
  4691 | D:6      | 4691 ||| INVOKING Heroism.
  4703 | D:6      | Killed Duvessa
  4705 | D:6      | Killed Dowan
  4783 | D:6      | 4783 ||| INVOKING Heroism.
  4786 | D:6      | 4786 ||| Stepping ~*~*~tactically~*~*~ (outnumbered).
  5076 | D:6      | Reached skill level 3 in Invocations
  5076 | D:6      | Reached XP level 9. HP: 78/78 MP: 10/10
  5390 | D:6      | 5390 ||| DROPPING amulet "Ontoad" {Acrobat Rampage Int+4
                  | Slay-5}.
  5391 | D:6      | 5391 ||| DROPPING amulet of guardian spirit.
  5535 | D:7      | 5535 ||| FLEEEEING.
  5536 | D:7      | 5536 ||| FLEEEEING.
  5537 | D:7      | 5537 ||| FLEEEEING.
  5538 | D:7      | 5538 ||| FLEEEEING.
  5539 | D:7      | 5539 ||| FLEEEEING.
  5540 | D:7      | 5540 ||| FLEEEEING.
  5541 | D:7      | 5541 ||| FLEEEEING.
  5542 | D:7      | 5542 ||| FLEEEEING.
  5543 | D:7      | 5543 ||| FLEEEEING.
  5544 | D:7      | 5544 ||| FLEEEEING.
  5545 | D:7      | 5545 ||| FLEEEEING.
  5546 | D:7      | 5546 ||| FLEEEEING.
  5547 | D:7      | 5547 ||| FLEEEEING.
  5548 | D:7      | 5548 ||| FLEEEEING.
  5549 | D:7      | 5549 ||| FLEEEEING.
  5550 | D:7      | 5550 ||| FLEEEEING.
  5551 | D:7      | 5551 ||| FLEEEEING.
  5552 | D:7      | 5552 ||| FLEEEEING.
  5553 | D:7      | 5553 ||| FLEEEEING.
  5554 | D:7      | 5554 ||| FLEEEEING.
  5555 | D:7      | 5555 ||| FLEEEEING.
  5556 | D:7      | 5556 ||| FLEEEEING.
  5557 | D:7      | 5557 ||| FLEEEEING.
  5558 | D:7      | 5558 ||| STAIRDANCE
  5663 | D:7      | Found a bloodstained altar of Trog.
  5774 | D:7      | 5774 ||| INVOKING Heroism.
  5924 | D:7      | Noticed Prince Ribbit
  5925 | D:7      | 5925 ||| INVOKING Heroism.
  5935 | D:7      | Killed Prince Ribbit
  5936 | D:7      | Reached skill level 11 in Ranged Weapons
  5960 | D:7      | Found a burning altar of Makhleb.
  5967 | D:7      | 5967 ||| Stepping ~*~*~tactically~*~*~ (outnumbered).
  5985 | D:7      | 5985 ||| INVOKING Heroism.
  6310 | D:7      | Found Uruqot's Distillery.
  6318 | D:7      | 6318 ||| BUYING 2 potions of curing (78 gold).
  6318 | D:7      | Bought 2 potions of curing for 78 gold pieces
  6318 | D:7      | 6318 ||| SHOPLISTING potion of curing (39 gold, have 35).
  6318 | D:7      | 6318 ||| SHOPLISTING potion of enlightenment (65 gold, have
                  | 35).
  6318 | D:7      | 6318 ||| SHOPLISTING potion of haste (130 gold, have 35).
  6353 | D:7      | 6353 ||| INVOKING Heroism.
  6484 | D:7      | 6484 ||| INVOKING Heroism.
  6690 | D:7      | 6690 ||| DROPPING scarf of harm.
  6691 | D:7      | 6691 ||| UPGRADING to +1 pair of gloves.
  6696 | D:7      | 6696 ||| DROPPING ring of wizardry.
  6697 | D:7      | 6697 ||| READING scroll labelled TAUFIRORINIP.
  6698 | D:7      | 6698 ||| READING 6 scrolls of identify.
  6698 | D:7      | 6698 ||| IDENTIFYING bubbling ruby potion
  6699 | D:7      | 6699 ||| DROPPING potion of ambrosia.
  6708 | D:8      | 6708 ||| INVOKING Heroism.
  6869 | D:8      | 6869 ||| INVOKING Heroism.
  6898 | D:8      | Reached skill level 12 in Ranged Weapons
  6933 | D:8      | 6933 ||| INVOKING Heroism.
  6935 | D:8      | 6935 ||| Stepping ~*~*~tactically~*~*~ (cloud).
  6944 | D:8      | 6944 ||| Stepping ~*~*~tactically~*~*~ (cloud).
  7072 | D:8      | Reached XP level 10. HP: 88/88 MP: 12/12
  7397 | D:8      | 7397 ||| UPGRADING to +5 ring of evasion.
  7398 | D:8      | 7398 ||| READING 6 scrolls of identify.
  7398 | D:8      | 7398 ||| IDENTIFYING bubbling emerald potion
  7399 | D:8      | 7399 ||| DROPPING potion of brilliance.
  7429 | D:9      | Found Miquxt's Distillery.
  7433 | D:9      | 7433 ||| BUYING potion of curing (33 gold).
  7433 | D:9      | Bought a potion of curing for 33 gold pieces
  7433 | D:9      | 7433 ||| BUYING potion of curing (33 gold).
  7433 | D:9      | Bought a potion of curing for 33 gold pieces
  7433 | D:9      | 7433 ||| BUYING potion of curing (33 gold).
  7433 | D:9      | Bought a potion of curing for 33 gold pieces
  7433 | D:9      | 7433 ||| BUYING potion of curing (33 gold).
  7433 | D:9      | Bought a potion of curing for 33 gold pieces
  7433 | D:9      | 7433 ||| SHOPLISTING potion of curing (33 gold, have 0).
  7433 | D:9      | 7433 ||| SHOPLISTING potion of mutation (88 gold, have 0).
  7464 | D:9      | Found Ocsukuiz's General Store.
  7476 | D:9      | Reached skill level 6 in Dodging
  7547 | D:9      | 7547 ||| SHOPLISTING scroll of identify (22 gold, have 0).
  7566 | D:9      | 7566 ||| INVOKING Heroism.
  7577 | D:9      | 7577 ||| Stepping ~*~*~tactically~*~*~ (outnumbered).
  7589 | D:9      | 7589 ||| INVOKING Heroism.
  7657 | D:9      | Found Kazeuts's Antique Weapon Boutique.
  7668 | D:9      | 7668 ||| SHOPLISTING glowing orcbow (221 gold, have 8).
  7703 | D:9      | 7703 ||| INVOKING Heroism.
  7880 | D:9      | 7880 ||| Stepping ~*~*~tactically~*~*~ (outnumbered).
  7882 | D:9      | 7882 ||| Stepping ~*~*~tactically~*~*~ (outnumbered).
  7884 | D:9      | 7884 ||| Stepping ~*~*~tactically~*~*~ (outnumbered).
  7885 | D:9      | 7885 ||| Stepping ~*~*~tactically~*~*~ (outnumbered).
  7887 | D:9      | 7887 ||| INVOKING Heroism.
  8079 | D:9      | Found Losisi's Antique Armour Boutique.
  8087 | D:9      | 8087 ||| SHOPLISTING glowing robe (107 gold, have 8).
  8087 | D:9      | 8087 ||| SHOPLISTING pair of boots (130 gold, have 8).
  8137 | D:9      | Reached skill level 13 in Ranged Weapons
  8366 | D:9      | 8366 ||| SWAPPING to +0 hand crossbow.
  8367 | D:9      | 8367 ||| DROPPING +3 sling.
  8388 | D:9      | 8388 ||| Stepping ~*~*~tactically~*~*~ (outnumbered).
  8389 | D:9      | 8389 ||| Stepping ~*~*~tactically~*~*~ (outnumbered).
  8402 | D:9      | Noticed a two-headed ogre
  8403 | D:9      | 8403 ||| INVOKING Heroism.
  8413 | D:9      | Killed a two-headed ogre
  8414 | D:9      | Reached skill level 9 in Fighting
  8417 | D:9      | Reached skill level 3 in Armour
  8424 | D:9      | 8424 ||| INVOKING Heroism.
  8471 | D:9      | 8471 ||| FLEEEEING.
  8472 | D:9      | 8472 ||| FLEEEEING.
  8474 | D:9      | 8474 ||| FLEEEEING.
  8475 | D:9      | 8475 ||| FLEEEEING.
  8476 | D:9      | 8476 ||| FLEEEEING.
  8477 | D:9      | 8477 ||| FLEEEEING.
  8478 | D:9      | 8478 ||| FLEEEEING.
  8479 | D:9      | 8479 ||| FLEEEEING.
  8480 | D:9      | 8480 ||| FLEEEEING.
  8481 | D:9      | 8481 ||| FLEEEEING.
  8482 | D:9      | 8482 ||| FLEEEEING.
  8483 | D:9      | 8483 ||| FLEEEEING.
  8484 | D:9      | 8484 ||| FLEEEEING.
  8485 | D:9      | 8485 ||| FLEEEEING.
  8486 | D:9      | 8486 ||| FLEEEEING.
  8487 | D:9      | 8487 ||| FLEEEEING.
  8488 | D:9      | 8488 ||| FLEEEEING.
  8489 | D:9      | 8489 ||| FLEEEEING.
  8490 | D:9      | 8490 ||| FLEEEEING.
  8491 | D:9      | 8491 ||| FLEEEEING.
  8492 | D:9      | 8492 ||| FLEEEEING.
  8493 | D:9      | 8493 ||| FLEEEEING.
  8494 | D:9      | 8494 ||| FLEEEEING.
  8495 | D:9      | 8495 ||| FLEEEEING.
  8496 | D:9      | 8496 ||| FLEEEEING.
  8497 | D:9      | 8497 ||| FLEEEEING.
  8498 | D:9      | 8498 ||| FLEEEEING.
  8499 | D:9      | 8499 ||| FLEEEEING.
  8500 | D:9      | 8500 ||| FLEEEEING.
  8501 | D:9      | 8501 ||| FLEEEEING.
  8502 | D:9      | 8502 ||| FLEEEEING.
  8503 | D:9      | 8503 ||| FLEEEEING.
  8504 | D:9      | 8504 ||| FLEEEEING.
  8505 | D:9      | 8505 ||| FLEEEEING.
  8506 | D:9      | 8506 ||| FLEEEEING.
  8507 | D:9      | 8507 ||| FLEEEEING.
  8508 | D:9      | 8508 ||| FLEEEEING.
  8509 | D:9      | 8509 ||| FLEEEEING.
  8510 | D:9      | 8510 ||| STAIRDANCE
  8515 | D:8      | Noticed a two-headed ogre
  8516 | D:8      | 8516 ||| FLEEEEING.
  8522 | D:8      | 8522 ||| FLEEEEING.
  8605 | D:8      | 8605 ||| READING scroll labelled SEYDAJYOSI.
  8606 | D:8      | 8606 ||| READING scroll labelled VIVVOH OVVESHRA.
  8675 | D:9      | 8675 ||| READING scroll of enchant weapon.
  8675 | D:9      | 8675 ||| ENCHANTING +0 hand crossbow.
  8766 | D:9      | 8766 ||| READING scroll labelled BITABR PAYLU.
  8767 | D:9      | 8767 ||| READING scroll labelled KEENI UTUTUTZ.
  8768 | D:9      | 8768 ||| READING 5 scrolls of identify.
  8768 | D:9      | 8768 ||| IDENTIFYING yellow potion
  8788 | D:10     | Entered Level 10 of the Dungeon
  8798 | D:10     | Noticed Grum
  8799 | D:10     | 8799 ||| INVOKING Heroism.
  8800 | D:10     | Noticed Erica
  8801 | D:10     | 8801 ||| Stepping ~*~*~tactically~*~*~ (outnumbered).
  8816 | D:10     | Killed Grum
  8821 | D:10     | 8821 ||| INVOKING Heroism.
  8833 | D:10     | Killed Erica
  8834 | D:10     | Reached skill level 14 in Ranged Weapons
  8834 | D:10     | Reached ** piety under Okawaru
  8840 | D:10     | Reached XP level 11. HP: 52/99 MP: 13/13
  9020 | D:10     | Found a blossoming altar of Fedhas.
  9233 | D:10     | 9233 ||| INVOKING Heroism.
  9255 | D:10     | Identified the +0 scale mail of the Great Game {+Blink
                  | Regen+ Int+4}
  9282 | D:10     | 9282 ||| INVOKING Heroism.
  9322 | D:10     | Found an ornate altar of the Wu Jian Council.
  9495 | D:10     | Noticed Erolcha
  9496 | D:10     | 9496 ||| INVOKING Heroism.
  9498 | Abyss:1  | Cast into level 1 of the Abyss (Erolcha)
  9541 | Abyss:1  | Noticed a thrashing horror
  9548 | Abyss:1  | Killed a thrashing horror
  9549 | Abyss:1  | 9549 ||| INVOKING Heroism.
  9585 | Abyss:1  | Reached skill level 15 in Ranged Weapons
  9609 | Abyss:1  | 9609 ||| INVOKING Heroism.
  9653 | Abyss:1  | Noticed a starcursed mass
  9654 | Abyss:1  | 9654 ||| INVOKING Heroism.
  9656 | Abyss:1  | 9656 ||| Stepping ~*~*~tactically~*~*~ (outnumbered).
  9659 | Abyss:1  | Noticed a thrashing horror
  9660 | Abyss:1  | 9660 ||| Stepping ~*~*~tactically~*~*~ (outnumbered).
  9662 | Abyss:1  | Killed a starcursed mass
  9663 | Abyss:1  | Killed a starcursed mass
  9669 | Abyss:1  | 9669 ||| INVOKING Heroism.
  9671 | Abyss:1  | Killed a starcursed mass
  9671 | Abyss:1  | Noticed a great orb of eyes
  9677 | Abyss:1  | Killed a thrashing horror
  9677 | Abyss:1  | Reached *** piety under Okawaru
  9678 | Abyss:1  | Paralysed by a great orb of eyes for 4 turns
  9679 | Abyss:1  | HP: 21/99 [great orb of eyes (9)]
  9680 | Abyss:1  | Blown up by a great orb of eyes

Levels and vault maps discovered:
D:1:      spicycebolla_arrival_ecumenical, layout_loops_ring,
          minmay_pentomino_t4
D:2:      cheibrodos_fertilizer, layout_basic, kennysheep_potato
D:3:      layout_loops_ring, mainiacjoe_overflow_tiny_flanked,
          kennysheep_generic_room_9
D:4:      layout_rooms, ashenzari_conservatory_becter,
          mainiacjoe_overflow_catwalk, uniq_crazy_yiuf_cottage
D:5:      layout_basic, mainiacjoe_overflow_24_doors, lemuel_doored_altar,
          minmay_temple_entry_gardened_gates, uniq_edmund
D:6:      layout_loops_ring, serial_shops, shop, uniq_eustachio, uniq_duvessa,
          uniq_maggie
D:7:      layout_layer_cave, old_standard_altar, trog_three_pillars_becter,
          serial_shops, nicolae_stop_n_shop_1, minmay_diced_spiral,
          uniq_prince_ribbit1
D:8:      kennysheep_blocky_hall, layout_gridville, st_stairs_9
D:9:      layout_roguey, serial_shops, nicolae_shop_stone, shop,
          nicolae_shop_trees, shop
D:10:     layout_roguey, nzn_wu_jian_council_hall,
          lemuel_mausoleum_altar_yredelemnul, fedhas_bush_and_centaur_altar,
          nicolae_twisty_statue_hallways, uniq_grum, uniq_erolcha, uniq_erica
Temple:   nicolae_temple_ecumenical_triangle
Abyss:1:  base: D:9, evilmike_abyss_exit_mutagenic

Skill      XL: |  1  2  3  4  5  6  7  8  9 10 11 |
---------------+----------------------------------+-----
Ranged Weapons | 3 4 5 6 7 9 10 12 14 15 | 15.7
Fighting       | 2 3 4 5 6 8 9 10 | 10.0
Armour         | 1 2 3 |  3.4
Dodging        | 3 4 5 6 7 |  7.1
Invocations    | 3 4 |  4.1
Spellcasting   | |  1.0
Hexes          | |  2.0

Action                     |  1- 3 |  4- 6 |  7- 9 | 10-12 || total
---------------------------+-------+-------+-------+-------++-------
   Fire: Sling             |   107 |   209 |   446 |   174 ||   936
         Hand crossbow     |       |       |       |   163 ||   163
 Invoke: Heroism           |       |       |    13 |    15 ||    28
    Use: Scroll            |       |    11 |     4 |     7 ||    22
         Potion            |       |     3 |     2 |       ||     5
 Armour: Robe              |    10 |       |       |       ||    10
         Ring mail         |     8 |    49 |    11 |       ||    68
         Leather armour    |       |       |    22 |    33 ||    55
  Dodge: Dodged            |    36 |    46 |   121 |   212 ||   415

Table legend:
 A = Non-vault XP
 B = Vault XP
 C = Vault XP percentage of total XP
 D = Non-vault monster count
 E = Vault monster count
 F = Vault count percentage of total count
                 A         B        C        D         E       F
            +---------+---------+-------+---------+---------+-------
      Total |   13539 |    3515 |  20.6 |     227 |      47 |  17.2
            +---------+---------+-------+---------+---------+-------
        D:1 |      53 |       5 |   8.6 |      28 |       3 |   9.7
        D:2 |      41 |     114 |  73.5 |      17 |      19 |  52.8
        D:3 |     101 |       2 |   1.9 |      25 |       1 |   3.8
        D:4 |     196 |       0 |   0.0 |      10 |       0 |   0.0
        D:5 |     542 |     173 |  24.2 |      19 |       1 |   5.0
        D:6 |     949 |     781 |  45.1 |      22 |       4 |  15.4
        D:7 |     908 |     503 |  35.6 |      16 |       6 |  27.3
        D:8 |     983 |     475 |  32.6 |      16 |       7 |  30.4
        D:9 |    3548 |       0 |   0.0 |      41 |       0 |   0.0
       D:10 |    2947 |    1462 |  33.2 |      21 |       6 |  22.2
    Abyss:1 |    3271 |       0 |   0.0 |      12 |       0 |   0.0
            +---------+---------+-------+---------+---------+-------
